 Dungeon Crawl Stone Soup version 0.28-a0-612-gcfc00ec14d (webtiles) character file.

Game seed: 5328294434103391281

6 avis the Insei (level 1, -1/13 HPs)
             Began as an Octopode Transmuter on Oct 6, 2021.
             Slain by a goblin (2 damage)
             ... on level 1 of the Dungeon.
             The game lasted 00:01:54 (260 turns).

avis the Insei (Octopode Transmuter)                 Turns: 260, Time: 00:01:55

Health: -1/13      AC:  1    Str:  9    XL:     1   Next: 90%
Magic:  2/3        EV: 13    Int: 15    God:
Gold:   23         SH:  0    Dex: 12    Spells: 3/4 levels left

rFire   . . .      SeeInvis .     - Unarmed
rCold   . . .      Faith    .   (no shield)
rNeg    . . .      Spirit   .   (helmet currently unavailable)
rPois   .          Reflect  .   (no amulet)
rElec   .          Harm     .   (no ring)
rCorr   .          Rampage  .   (no ring)
Will    .....                   (no ring)
Stlth   +++.......              (no ring)
HPRegen 0.04/turn               (no ring)
MPRegen 0.08/turn               (no ring)
                                (no ring)
                                (no ring)

@: appendages (expiring)
A: tentacle spike 3, almost no armour, amphibious, 8 rings, camouflage 1,
gelatinous body 1, (nimble swimmer 1), tentacles
a: End Transformation


You were on level 1 of the Dungeon.
One of your tentacles had grown a beastly spike.
You visited 1 branch of the dungeon, and saw 1 of its levels.

You collected 23 gold pieces.

You aren't carrying anything.


   Skills:
 - Level 1.0 Fighting
 - Level 2.0 Dodging
 - Level 1.0 Stealth
 * Level 3.3 Unarmed Combat
 - Level 2.0 Spellcasting
 - Level 2.0 Transmutations


You had 3 spell levels left.
You knew the following spells:

 Your Spells              Type           Power      Damage    Failure   Level
a - Beastly Appendage     Tmut           14%        N/A       10%         1

Your spell library contained the following spells:

 Spells                   Type           Power      Damage    Failure   Level
 Wereblood                Tmut           7%         N/A       14%         2
 Spider Form              Tmut/Pois      2%         N/A       41%         3
 Ice Form                 Ice/Tmut       4%         N/A       82%         4


Dungeon Overview and Level Annotations

Branches:
Dungeon (1/15)

Altars:


Innate Abilities, Weirdness & Mutations

One of your tentacles has grown a beastly spike.
You cannot wear most types of armour.
You are amphibious.
You can wear up to eight rings at the same time.
Your skin changes colour to match your surroundings (Stealth+).
Your rubbery body absorbs attacks. (AC +1, EV +1)
((You are camouflaged near water. (Stealth+)))
You have tentacles for arms and can constrict up to eight enemies at once.


Message History

One of your tentacles grows a vicious spike.
Your magical contamination has completely faded away.
Your transformation is almost over.
The ball python hisses angrily.
An endoplasm comes into view.
A kobold comes into view. It is wielding a +0 short sword.
The kobold throws a stone.
The stone closely misses you.
There is a stone staircase leading down here.
Your tentacle spike disappears.
The goblin shouts!
Casting: Beastly Appendage (safe; 10% risk of failure)
Confirm with . or Enter, or press ? or * to list all spells.
One of your tentacles grows a vicious spike.
The ball python bites you but does no damage.
The ball python misses you.
You closely miss the ball python. Your grab misses the ball python.
You pierce the ball python.
Your squeeze misses the ball python.
The ball python is severely wounded.
The ball python bites you but does no damage.
The ball python closely misses you. The ball python barely misses you.
The ball python grabs you. The ball python constricts you.
You tentacle-slap the ball python.
You kill the ball python!
You barely miss the endoplasm. The endoplasm hits you.
You tentacle-slap the endoplasm.
You pierce the endoplasm.
The endoplasm is severely wounded.
Your transformation is almost over.
The endoplasm misses you.
You tentacle-slap the endoplasm.
You kill the endoplasm!
You closely miss the goblin. Your grab misses the goblin.
The goblin hits you with a +0 dagger of freezing.
The goblin freezes you.
You closely miss the goblin. Your grab misses the goblin.
The goblin closely misses you.
You barely miss the goblin. You grab the goblin. You constrict the goblin.
The goblin hits you with a +0 dagger of freezing.
* * * LOW HITPOINT WARNING * * *
The goblin freezes you.
You die...

##.###### ######.#
#...##.# #...##.#
####...##.#
########.......#.#
..<....#.##....#K#
.....#.#...###.#g#
.....#.#.#.###.#@#
.......#.#.....#.#
##+##'##.#######.#
.......#.........#
##.......#########
#########


You could see a goblin and a kobold.

Vanquished Creatures
  3 endoplasms (D:1)
  2 ball pythons (D:1)
5 creatures vanquished.

Notes
Turn   | Place    | Note
-------+----------+-------------------------------------------
     0 | D:1      | avis the Octopode Transmuter began the quest for the Orb.
     0 | D:1      | Reached XP level 1. HP: 13/13 MP: 3/3
   200 | D:1      | Reached skill level 1 in Stealth
   260 | D:1      | Slain by a goblin

Illustrated notes

Levels and vault maps discovered:
D:1:      lemuel_arrival_behind_the_door_small, layout_basic,
          minmay_pentomino_w4

Skill      XL: |  1 |
---------------+----+-----
Stealth        | 1 |  1.0
Fighting       | |  1.0
Dodging        | |  2.0
Unarmed Combat | |  3.3
Spellcasting   | |  2.0
Transmutations | |  2.0

Action                   || total
-------------------------++-------
Melee: Unarmed           ||    14
       Kick              ||     4
       Tentacles         ||     2
       Constrict         ||     1
 Cast: Beastly Appendage ||     5
Armor: Skin              ||     2
Dodge: Dodged            ||     7

Table legend: (Time is in decaauts)
 A = Elapsed time spent in this place.
 B = Non-inter-level travel time spent in this place.
 C = Inter-level travel time spent in this place.
 D = Time resting spent in this place.
 E = Time spent auto-exploring this place.
 F = Levels seen in this place.
 G = Mean time per level.
                   A        B        C        D        E       F      G
               +--------+--------+--------+--------+--------+-----+--------+
         Total |    259 |    259 |      0 |    125 |     58 |   1 |  259.0 |
       Dungeon |    259 |    259 |      0 |    125 |     58 |   1 |  259.0 |
               +--------+--------+--------+--------+--------+-----+--------+

Top non-repeatable levels by time:
     D:1: 259 daAuts
